Map: Jagannatha LE

Players

黑羽快斗 (ButAlways)

  • Race: Protoss Protoss
  • League: Master

GogojOey - Winner!

  • Race: Zerg Zerg

Event: DreamHack SC2 Masters 2021 Summer

VOD

Have the link to the VOD?

Description

Time

  • Played on: May 19, 2021, 7:59 a.m.
  • Length: 10:55

All games in this series

Show
View Real Time Build Order
Export as new Build Order

黑羽快斗 Protoss 

Build Orders:  

Get SALT Encoding   

  12  0:00  Probe  
  13  0:12  Probe  
  14  0:20  Pylon  
  14  0:25  Probe  
  15  0:38  Probe (Chrono Boost), Gateway  
  16  0:48  Probe (Chrono Boost)  
  17  0:50  Assimilator  
  17  0:53  Probe (Chrono Boost)  
  18  1:05  Probe  
  19  1:18  Gateway  
  19  1:23  Zealot (Chrono Boost)  
  21  1:26  Cybernetics Core  
  21  1:29  Pylon  
  21  1:36  Pylon  
  21  1:42  Zealot  
  23  2:06  Adept (Chrono Boost)  
  27  2:26  Probe, Nexus  
  28  2:38  Probe  
  28  2:41  Assimilator  
  29  2:45  Stalker  
  29  2:50  Probe  
  29  2:51  Pylon  
  30  2:52  Pylon  
  30  3:02  Probe  
  31  3:14  Probe (Chrono Boost)  
  32  3:23  Stargate  
  32  3:26  Probe (Chrono Boost)  
  33  3:33  Warp Gate  
  33  3:34  Probe (Chrono Boost)  
  34  3:37  Probe (Chrono Boost)  
  39  3:46  Probe (Chrono Boost)  
  39  3:47  Probe (Chrono Boost)  
  41  3:52  Probe x2 (Chrono Boost)  
  39  4:04  Probe  
  39  4:05  Probe  
  39  4:06  Fleet Beacon  
  41  4:16  Probe  
  41  4:17  Probe  
  43  4:22  Nexus  
  43  4:25  Pylon  
  43  4:28  Probe  
  43  4:29  Probe  
  45  4:38  Assimilator  
  45  4:40  Probe  
  45  4:41  Probe (Chrono Boost), Assimilator  
  45  4:42  Shield Battery  
  47  4:46  Tempest (Chrono Boost)  
  47  4:52  Probe (Chrono Boost)  
  53  4:59  Probe (Chrono Boost)  
  54  5:00  Twilight Council  
  54  5:01  Probe (Chrono Boost)  
  54  5:06  Probe x2 (Chrono Boost)  
  56  5:10  Forge  
  57  5:17  Probe  
  57  5:18  Probe  
  57  5:19  Tempest (Chrono Boost)  
  64  5:30  Probe (Chrono Boost), Blink (Chrono Boost)  
  64  5:32  Probe (Chrono Boost)  
  64  5:33  Pylon  
  66  5:39  Probe (Chrono Boost)  
  68  5:46  Robotics Facility  
  68  5:47  Probe (Chrono Boost)  
  68  5:48  Probe (Chrono Boost)  
  68  5:49  Probe (Chrono Boost)  
  70  5:51  Protoss Ground Weapons Level 1 (Chrono Boost)  
  70  5:53  Probe (Chrono Boost), Pylon  
  70  5:54  Probe (Chrono Boost)  
  70  5:55  Probe  
  73  6:02  Gateway  
  73  6:05  Probe  
  74  6:14  Gateway x2, Zealot  
  74  6:16  Probe x2  
  78  6:21  Gateway  
  78  6:22  Probe, Gateway  
  79  6:26  Assimilator  
  79  6:29  Probe  
  81  6:36  Stalker x2  
  81  6:39  Observer (Chrono Boost)  
  83  6:47  Gateway  
  83  6:49  Probe  
  83  6:51  Probe  
  83  6:53  Pylon, Warp Prism (Chrono Boost)  
  82  6:59  Stalker x3  
  88  7:02  Photon Cannon  
  88  7:11  Sentry  
  88  7:14  Stalker  
  92  7:17  Pylon  
  92  7:18  Pylon  
  92  7:19  Pylon  
  92  7:20  Stalker x2  
  94  7:28  Stalker x3  
  100  7:36  Pylon  
  100  7:37  Pylon  
  100  7:39  Pylon  
  100  7:47  Pylon  
  100  7:50  Stalker x5  
  110  7:53  Sentry x2  
  110  7:57  Stalker  
  116  8:05  Pylon  
  116  8:11  Photon Cannon  
  109  8:15  Assimilator  
  109  8:17  Shield Battery  
  109  8:19  Stalker x4  
  117  8:20  Sentry x2  
  117  8:24  Stalker  
  105  8:42  Stalker x5  
  105  8:44  Warp Prism (Chrono Boost)  
  89  8:59  Stalker x3  
  91  9:14  Stalker x3  
  94  9:24  Stalker  
  94  9:29  Assimilator  
  96  9:39  Probe  
  96  9:43  Stalker x2  
  96  9:44  Zealot x3, Stalker  
  111  9:51  Probe  
  110  10:00  Stalker  
  110  10:03  Probe  
  110  10:06  Stalker x2  
  117  10:13  Stalker x2  
  115  10:20  Probe, Stalker  
  106  10:28  Stalker  
  102  10:30  Stalker x2  
  100  10:37  Stalker  
  100  10:42  Stalker  
Show
View Real Time Build Order
Export as new Build Order

GogojOey Zerg - Winner!

Build Orders: Pool First 

Get SALT Encoding   

  12  0:17  Spawning Pool  
  11  0:22  Drone  
  11  0:27  Drone  
  13  0:31  Drone  
  14  0:40  Overlord  
  14  1:03  Zergling x4  
  16  1:05  Queen, Zergling x2  
  19  1:15  Zergling x2  
  20  1:29  Zergling x2  
  21  1:36  Hatchery  
  21  1:37  Drone  
  21  1:47  Overlord  
  21  1:58  Drone  
  22  2:09  Drone  
  22  2:10  Queen  
  22  2:14  Drone x2  
  27  2:18  Drone  
  29  2:22  Drone  
  28  2:30  Extractor  
  28  2:33  Drone  
  28  2:44  Drone  
  29  2:49  Queen  
  29  2:50  Drone  
  32  3:01  Drone  
  33  3:08  Overlord  
  33  3:11  Hatchery  
  32  3:13  Drone  
  32  3:14  Drone  
  34  3:20  Drone x2  
  36  3:30  Drone x2  
  36  3:34  Drone  
  39  3:36  Metabolic Boost  
  39  3:38  Drone  
  39  3:39  Drone  
  41  3:41  Drone  
  41  3:45  Overlord  
  42  3:50  Drone x2  
  42  3:55  Overlord  
  44  3:56  Overlord  
  44  4:05  Drone x2  
  46  4:11  Overlord x2  
  46  4:13  Drone x2  
  46  4:14  Drone  
  46  4:15  Drone  
  50  4:25  Queen  
  50  4:26  Drone x3  
  55  4:32  Drone x2  
  55  4:38  Drone, Spore Crawler  
  58  4:40  Spore Crawler  
  58  4:41  Drone, Queen  
  58  4:43  Drone  
  58  4:44  Drone  
  61  4:46  Spore Crawler  
  60  4:53  Drone x4  
  63  5:00  Roach Warren  
  63  5:03  Lair  
  63  5:05  Queen  
  63  5:07  Drone x2  
  66  5:08  Drone  
  67  5:14  Extractor  
  67  5:15  Drone x3, Extractor  
  67  5:19  Drone x5  
  67  5:20  Drone  
  74  5:26  Overlord  
  74  5:27  Overlord  
  74  5:31  Drone  
  74  5:32  Drone x2  
  77  5:36  Extractor  
  77  5:37  Extractor  
  77  5:38  Zergling x6  
  77  5:39  Zergling x2  
  77  5:40  Zergling x4  
  77  5:42  Overlord x2  
  81  5:48  Drone  
  82  5:52  Overlord  
  82  5:53  Zergling x4  
  84  6:02  Overseer  
  84  6:05  Drone  
  84  6:06  Drone x8  
  84  6:07  Spire  
  84  6:10  Extractor  
  91  6:20  Drone x3  
  94  6:26  Hatchery  
  94  6:32  Zergling x2  
  94  6:37  Overlord x2  
  93  6:53  Zergling x6  
  96  6:55  Overlord  
  96  6:56  Evolution Chamber, Glial Reconstitution  
  94  7:01  Queen  
  94  7:06  Drone x2  
  96  7:09  Overlord  
  96  7:10  Zergling x2  
  97  7:20  Mutalisk x7  
  97  7:22  Roach x3  
  114  7:24  Roach x3  
  114  7:27  Zerg Missile Weapons Level 1, Queen  
  121  7:30  Roach  
  121  7:32  Roach x3  
  121  7:33  Spine Crawler  
  121  7:34  Roach x2  
  121  7:35  Spine Crawler  
  129  7:40  Mutalisk x2  
  132  7:44  Hatchery  
  132  7:45  Roach x4  
  132  7:51  Ravager x3  
  141  7:52  Overlord  
  141  7:54  Roach  
  143  7:58  Overlord  
  143  8:00  Ravager  
  143  8:02  Overlord  
  143  8:03  Zergling x2  
  143  8:04  Overlord  
  143  8:09  Ravager x2  
  143  8:12  Zergling x2, Roach x2  
  146  8:13  Overlord  
  146  8:16  Zergling x2  
  146  8:17  Overlord  
  146  8:18  Drone  
  146  8:19  Drone x2  
  147  8:22  Drone x4, Evolution Chamber  
  147  8:23  Drone  
  147  8:25  Drone  
  147  8:27  Ravager x3  
  154  8:36  Zergling x2, Roach x2  
  154  8:40  Zergling x10  
  142  8:50  Zergling x2, Roach  
  142  8:51  Zergling x2, Roach x3  
  142  8:54  Roach x2  
  142  8:55  Queen  
  138  9:00  Roach x2  
  138  9:01  Ravager x2  
  139  9:02  Zergling x2, Roach  
  139  9:08  Zergling x2, Roach x3  
  140  9:15  Zergling x2, Roach x2  
  136  9:19  Roach  
  136  9:20  Queen  
  136  9:23  Ravager x5  
  142  9:25  Zergling x6  
  142  9:28  Queen  
  142  9:31  Queen  
  149  9:33  Zergling x14  
  149  9:35  Drone  
  155  9:42  Zergling x4  
  157  9:48  Zergling x6, Roach  
  157  9:51  Ravager  
  163  9:56  Roach x3  
  168  10:00  Roach  
  168  10:04  Spine Crawler  
  168  10:05  Spine Crawler  
  167  10:09  Zergling x8, Roach x2  
  167  10:14  Zergling x4, Roach  
  172  10:17  Roach  
  162  10:22  Roach x2  
  162  10:25  Roach x2  
  162  10:28  Ravager  
  164  10:35  Zergling x2, Roach x3  
Tags
 
Add a new tag
Caveats
  • Supply blocks, unpowered buildings, or Contaminate may cause inaccurate times.
  • Supply counts are checked every 10 seconds.